 Dungeon Crawl Stone Soup version 0.18.1-1-g2f07953 (webtiles) character file.

173283 st0uf the Fencer (level 17, -10/154 HPs)
             Began as a Minotaur Fighter on May 7, 2016.
             Was a Priest of Qazlal.
             Mangled by a giant leech (29 damage)
             ... on level 3 of the Swamp.
             The game lasted 03:27:03 (29381 turns).

st0uf the Fencer (Minotaur Fighter)                Turns: 29381, Time: 03:27:04

Health: -10/154    AC: 16    Str: 24    XL:     17   Next: 42%
Magic:  16/16      EV: 27    Int: 17    God:    Qazlal [***...]
Gold:   1578       SH: 27    Dex: 20    Spells: 0 memorised, 16 levels left

rFire  x . .     SeeInvis .     g - +3 scimitar (flame)
rCold  + + .     Gourm    .     E - +2 leather armour of the Barnacle {Str-2 Int+7 Slay+5}
rNeg   . . .     Faith    .     L - +3 shield of the Maze {rF- rC++ Str+3}
rPois  +         Spirit   .     H - +2 hat {Int+3}
rElec  .         Dismiss  .     K - +0 cloak of Diyphi Saffu {Dex+4}
rCorr  .         Reflect  +     N - +0 pair of gloves {Str+3}
SustAt .         Harm     .     M - +2 pair of boots {Fly}
MR     ++...                    W - +3 amulet of reflection
Stlth  ++........               q - ring of poison resistance
                                C - ring of protection from magic

@: very resistant to hostile enchantments, unstealthy
A: retaliatory headbutt, horns 2, slimy green scales 1, clever 1, weak 1, no
device heal 1, MP-powered wands
a: Upheaval, Elemental Force, Renounce Religion, Evoke Flight


You were on level 3 of the Swamp.
You worshipped Qazlal.
Qazlal was most pleased with you.
You were very hungry.

You visited 5 branches of the dungeon, and saw 30 of its levels.
You visited the Abyss 1 time.
You also visited: Trove, Sewer, Ice Cave and Volcano.

You collected 4409 gold pieces.
You spent 2831 gold pieces at shops.

Inventory:

Hand Weapons
 g - a +3 scimitar of flaming (weapon)
Missiles
 a - 18 javelins (quivered)
 p - 1134 stones
 D - a throwing net
Armour
 E - the +2 leather armour of the Barnacle (worn) {Str-2 Int+7 Slay+5}
   (You found it on level 5 of the Dungeon)

   It affects your strength (-2).
   It affects your intelligence (+7).
   It affects your accuracy and damage with ranged weapons and melee attacks
   (+5).
 H - a +2 hat of intelligence (worn)
 K - the +0 cloak of Diyphi Saffu (worn) {Dex+4}
   (You found it in a treasure trove)

   It affects your dexterity (+4).
 L - the +3 shield of the Maze (worn) {rF- rC++ Str+3}
   (You bought it in a shop on level 13 of the Dungeon)

   It affects your strength (+3).
   It makes you vulnerable to fire.
   It greatly protects you from cold.
 M - a +2 pair of boots of flying (worn)
 N - a +0 pair of gloves of strength (worn)
Jewellery
 b - an uncursed ring of see invisible
 c - an uncursed ring of protection from magic
 e - an uncursed ring of resist corrosion
 m - an uncursed ring of fire
 q - a ring of poison resistance (right hand)
 w - a +3 ring of protection
 y - the ring "Testeej" {Int+4 Dex+4, unknown}
   (You found it on level 3 of the Swamp)

   [ring of intelligence]

   It affects your intelligence (+4).
   It affects your dexterity (+4).
 C - a ring of protection from magic (left hand)
 P - an uncursed ring of ice
 W - a +3 amulet of reflection (around neck)
 X - an uncursed ring of protection from cold
Wands
 i - a wand of digging (17/24)
 S - a wand of digging (21/24)
Scrolls
 n - 4 scrolls of magic mapping
 s - 4 scrolls of random uselessness {unknown}
 u - 10 scrolls of teleportation
 x - 8 scrolls of identify
 A - 3 scrolls of blinking
 I - 16 scrolls of remove curse
 T - a scroll of fear
 U - 4 scrolls of fog
 Y - 3 scrolls of summoning
Potions
 d - 5 potions of might
 h - 16 potions of curing
 j - 4 potions of cancellation
 r - 3 potions of berserk rage
 t - 2 potions of invisibility
 v - 4 potions of agility
 z - a potion of resistance
 G - 6 potions of heal wounds
 Q - 5 potions of haste
 R - 2 potions of ambrosia
Books
 k - a book of Transfigurations

   Spells                             Type                      Level
   a - Irradiate                      Conjuration/Transmutation    5
   b - Statue Form                    Transmutation/Earth          6
   c - Hydra Form                     Transmutation                6
   d - Dragon Form                    Transmutation                7
 o - a book of Enchantments

   Spells                             Type                      Level
   a - Cause Fear                     Hexes                        4
   b - Yara's Violent Unravelling     Hexes/Transmutation          5
   c - Silence                        Hexes/Air                    5
   d - Deflect Missiles               Charms/Air                   6
   e - Haste                          Charms                       6
   f - Discord                        Hexes                        8
Comestibles
 f - 14 bread rations
 l - a meat ration
 B - 2 beef jerkies


   Skills:
 + Level 14.9 Fighting
 + Level 20.7 Long Blades
 + Level 2.2 Throwing
 + Level 8.3 Armour
 + Level 16.4 Dodging
 + Level 3.4 Stealth
 + Level 19.4 Shields
 + Level 0.6 Evocations


You had 16 spell levels left.
You didn't know any spells.

Dungeon Overview and Level Annotations

Branches:
Dungeon (15/15)            Temple (1/1) D:6            Lair (8/8) D:9
  Swamp (4/4) Lair:3        Snake (0/4) Lair:3        Slime (0/6) Lair:7
    Orc (2/2) D:10            Elf (0/3) Orc:2        Vaults (0/5) D:13
 Depths (0/5) D:15

Altars:
Ashenzari
Cheibriados
Dithmenos
Elyvilon
Fedhas
Gozag
Kikubaaqudgha
Makhleb
Nemelex Xobeh
Okawaru
Pakellas
Qazlal
Ru
Sif Muna
Trog
Vehumet
Xom
Yredelemnul
Zin
The Shining One
Beogh
Jiyva

Shops:
D:5 :   D:13 [   D:14 *   Orc:2 }(!![

Portals:
Hell: Lair:8

Annotations:
D:7 Prince Ribbit
Lair:7 1 runed door, exclusion: door
Swamp:2 exclusion: Nikola


Innate Abilities, Weirdness & Mutations

You reflexively headbutt those who attack you in melee.
You have a pair of horns on your head.
You are partially covered in slimy green scales (AC +2).
Your mind is acute. (Int +2)
You are weak. (Str -2)
Potions and wands are less effective at restoring your health.
You expend magic power (3 MP) to strengthen your wands.


Message History

The seven-headed hydra misses you.
The seven-headed hydra completely misses you.
You block the seven-headed hydra's attack.
The seven-headed hydra completely misses you.
The giant leech bites you!!
* * * LOW HITPOINT WARNING * * *
The swamp dragon barely misses you. The swamp dragon misses you.
The swamp dragon tramples you but does no damage.
Drink which item? (? for menu, Esc to quit)
You feel much better.
The seven-headed hydra bites you but does no damage.
You block the seven-headed hydra's attack. x2
The seven-headed hydra completely misses you.
The seven-headed hydra closely misses you.
The seven-headed hydra bites you.
* * * LOW HITPOINT WARNING * * *
You block the seven-headed hydra's attack.
The swamp dragon completely misses you. You block the swamp dragon's attack.
The swamp dragon misses you. The giant leech bites you!!
You die...

...♣♣.≈≈.≈≈..♣♣ ♣♣.≈≈≈..≈≈≈..≈≈≈♣
..♣♣♣≈≈..≈...♣ ♣♣.≈≈...≈..≈≈≈§.≈≈
..♣♣.≈≈≈.♣≈.♣♣ ♣.≈≈≈≈≈.§≈.≈≈≈≈≈≈≈
≈≈≈♣♣.≈≈.≈≈.♣♣♣♣.≈≈≈≈≈≈♣..≈♣≈≈≈≈.
.♣.♣..≈≈≈≈..≈♣..........§≈.≈§≈≈.≈
.≈.♣..≈≈≈.≈≈≈≈≈≈≈♣♣♣.♣≈≈≈≈.♣≈≈.≈.
≈≈..≈≈≈.§≈≈♣.♣≈≈≈♣ ♣.≈≈.♣♣≈..≈≈≈≈
≈..≈≈..≈≈.≈≈.♣≈≈.♣♣♣≈≈≈.≈≈≈♣≈≈≈≈≈
♣≈≈≈..≈≈≈.≈≈.≈≈§@§≈.≈≈≈...≈.≈≈≈.≈
♣≈....≈≈.♣≈≈.≈≈wDD≈....≈≈≈≈...≈≈≈
♣≈§≈≈≈.♣.♣≈≈≈≈......≈≈.≈≈≈≈.≈≈≈..
♣♣≈≈≈.....≈<.≈≈≈≈≈≈.§≈..♣≈♣.≈≈≈≈.
♣♣≈.≈.≈≈≈≈≈≈...≈≈≈§≈.♣..≈≈♣^♣≈♣≈.
♣.≈≈≈..≈≈...≈≈..≈≈≈≈≈.≈.♣≈≈.≈≈≈≈.
♣♣≈≈..≈≈≈.♣≈≈.....≈§≈≈≈≈≈≈..≈≈...
♣^≈≈≈≈>..♣≈....≈≈≈♣.≈≈..≈.≈♣≈♣..
♣.≈≈≈≈.≈≈....♣≈≈≈≈≈.≈≈.♣≈≈≈♣....


You could see a seven-headed hydra, a swamp dragon and a giant leech.

Vanquished Creatures
  Nikola (Swamp:2)
  Jorgrun (Swamp:2)
  Rupert (D:15)
  Gastronok (Lair:2)
  Kirke (D:14)
  Roxanne (Swamp:1)
  Louise (D:15)
  Maud (Lair:5)
  Nessos (D:14)
  A white draconian (IceCv)
  The ghost of CcS the Severer, a journeyman MiBe of Trog (Lair:1)
  2 ice dragons (D:15)
  A vault guard (D:13)
  23 hydras
  Fannar (Orc:1)
  Harold (Lair:1)
  A catoblepas (D:14)
  A ghost crab (Swamp:2)
  4 ogre magi
  Erica (Lair:1)
  3 alligators (Swamp:1)
  2 death knights
  19 death yaks
  6 centaur warriors
  A thrashing horror (Abyss:4)
  Urug (D:14)
  A deep troll earth mage (D:14)
  Nergalle (Orc:2)
  A skeletal warrior (D:14)
  A hell knight (D:14)
  3 wretched stars (Abyss:4)
  2 spatial maelstroms (Abyss:4)
  A wizard (Lair:8)
  3 unseen horrors
  3 swamp dragons
  A shambling mangrove (Swamp:4)
  2 phantasmal warriors (D:14)
  7 hill giants
  8 orc sorcerers
  5 orc knights
  A wolf spider zombie (D:13)
  2 deep elf magi
  2 ugly things
  A worldbinder (Abyss:2)
  A hornet (Swamp:2)
  A manticore (D:13)
  2 sixfirhies
  3 griffons
  11 black mambas
  Joseph (D:7)
  3 cyclopes
  An ice statue (IceCv)
  10 elephants
  2 smoke demons
  2 orange demons (Lair:8)
  Psyche (D:9)
  18 spiny frogs
  A gargoyle (D:14)
  2 torpor snails
  2 molten gargoyles (Volcano)
  2 centaur skeletons (D:15)
  6 rime drakes
  An efreet (D:14)
  7 freezing wraiths
  A yaktaur (Volcano)
  4 kobold demonologists
  An ancient zyme (Abyss:4)
  5 komodo dragons
  A hellwing (Lair:8)
  4 ice devils (Lair:8)
  8 trolls
  2 red devils (Lair:8)
  5 two-headed ogres
  14 polar bears (IceCv)
  5 giant leeches
  Grinder (D:6)
  19 slime creatures
  14 blink frogs
  4 bog bodies
  2 large abominations
  A shadow (D:9)
  74 yaks
  Sigmund (D:6)
  11 spriggans
  3 wyverns
  A human (D:14)
  3 vampires
  2 wraiths
  A hog (shapeshifter) (D:15)
  A fire bat (Volcano)
  A hog (D:14)
  28 vampire mosquitoes
  A neqoxec (Abyss:4)
  4 basilisks
  7 hippogriffs
  2 hungry ghosts
  Menkaure (D:7)
  A mottled dragon (D:15)
  2 wargs (Orc:2)
  22 swamp worms
  A spatial vortex (Abyss:4)
  A soldier ant (D:15)
  11 insubstantial wisps
  2 nagas (Lair:3)
  2 hell hounds (Lair:8)
  19 orc warriors
  6 swamp drakes
  11 porcupines
  7 sky beasts
  20 water moccasins
  7 ice beasts
  5 black bears
  A necrophage (D:7)
  2 phantoms
  5 small abominations
  10 wasps
  16 ogres
  28 centaurs
  36 wolves
  18 crocodiles
  A gnoll sergeant (D:10)
  6 big kobolds
  17 giant frogs
  4 scorpions
  10 killer bees
  5 howler monkeys
  3 electric eels
  A lava snake (Volcano)
  8 crimson imps
  3 centaur zombies
  3 giant frog zombies
  19 orc priests
  10 hounds
  A giant frog skeleton (D:5)
  A wyvern simulacrum (D:12)
  9 jellies
  42 orc wizards
  Terence (D:3)
  10 iguanas
  7 worker ants
  2 giant frog simulacra (D:12)
  20 sheep
  2 centaur simulacra (D:12)
  A hound skeleton (D:9)
  Robin (D:3)
  A worker ant zombie (D:9)
  17 adders
  6 gnolls
  76 river rats
  4 shadow imps
  2 white imps (D:12)
  4 oozes (Sewer)
  2 adder zombies
  17 worms
  A dart slug (D:4)
  5 giant geckos
  97 orcs
  3 ball pythons
  3 giant cockroaches
  12 goblins
  6 hobgoblins
  14 jackals
  3 quokkas
  6 bats
  5 giant newts
  16 kobolds
  A quokka skeleton (D:5)
  11 rats
  A butterfly (Lair:1)
  66 fungi
  39 plants
  A starspawn tentacle (Abyss:2)
1271 creatures vanquished.

Vanquished Creatures (others)
  Frances (Swamp:2)
  2 polar bears (IceCv)
  A spriggan (Swamp:2)
  A vampire mosquito (Swamp:2)
  A wasp (Swamp:2)
  A swamp drake (Swamp:2)
  A necrophage (D:15)
  A sky beast (D:7)
  4 wolves (IceCv)
  2 centaurs (D:15)
  16 fungi
  9 plants
  18 starspawn tentacles
  58 starspawn tentacle segments
116 creatures vanquished.

Grand Total: 1387 creatures vanquished

Notes
Turn   | Place    | Note
--------------------------------------------------------------
     0 | D:1      | st0uf the Minotaur Fighter began the quest for the Orb.
     0 | D:1      | Reached XP level 1. HP: 19/19 MP: 0/0
   588 | D:1      | Reached XP level 2. HP: 25/27 MP: 1/1
   903 | D:2      | Reached XP level 3. HP: 33/33 MP: 2/2
  1643 | D:3      | Reached XP level 4. HP: 38/41 MP: 3/3
  1656 | D:3      | Noticed Terence
  1663 | D:3      | Reached skill level 3 in Long Blades
  1674 | D:3      | Reached XP level 5. HP: 36/47 MP: 4/4
  1685 | D:3      | Killed Terence
  1685 | D:3      | Reached skill level 1 in Dodging
  1688 | D:3      | Reached skill level 5 in Armour
  1694 | D:3      | Reached skill level 5 in Shields
  1901 | D:3      | Noticed Robin
  1923 | D:3      | Killed Robin
  2026 | D:3      | Found a glowing drain.
  2049 | Sewer    | Entered a sewer
  2159 | Sewer    | Reached XP level 6. HP: 30/55 MP: 5/5
  2585 | Sewer    | Reached skill level 5 in Fighting
  2734 | Sewer    | Reached skill level 4 in Long Blades
  2803 | Sewer    | Reached XP level 7. HP: 61/61 MP: 6/6
  3478 | D:5      | Entered Level 5 of the Dungeon
  3507 | D:5      | Got a steaming leather armour
  3508 | D:5      | Identified the +2 leather armour of the Barnacle {Str-2 Int+7 Slay+5} (You found it on level 5 of the Dungeon)
  3674 | D:5      | Found a white marble altar of Elyvilon.
  3674 | D:5      | Found a blossoming altar of Fedhas.
  3675 | D:5      | Found Teargh Ropra's Book Emporium.
  3900 | D:5      | Found a sparkling altar of Nemelex Xobeh.
  4118 | D:5      | Reached skill level 5 in Long Blades
  4118 | D:5      | Reached XP level 8. HP: 68/69 MP: 7/7
  4166 | D:5      | Gained mutation: You have a somewhat thin skeletal structure (Dex +2, Stealth). [mutagenic meat]
  4167 | D:5      | Gained mutation: You are partially covered in yellow scales (AC +2). [mutagenic meat]
  4168 | D:5      | Gained mutation: You tend to lose your temper in combat. [mutagenic meat]
  4286 | D:6      | Noticed Grinder
  4296 | D:6      | Killed Grinder
  4349 | D:6      | Noticed a troll
  4420 | D:6      | Reached skill level 6 in Long Blades
  4575 | D:6      | Reached skill level 1 in Throwing
  4575 | D:6      | Reached skill level 5 in Dodging
  4599 | D:6      | Noticed Sigmund
  4615 | D:6      | Killed Sigmund
  4615 | D:6      | Reached XP level 9. HP: 59/78 MP: 8/8
  4803 | D:6      | Found a staircase to the Ecumenical Temple.
  4809 | Temple   | Entered the Ecumenical Temple
  4886 | Temple   | Became a worshipper of Qazlal Stormbringer
  5226 | D:7      | Reached skill level 7 in Long Blades
  5393 | D:7      | Reached skill level 1 in Stealth
  5413 | D:7      | Reached * piety under Qazlal
  5619 | D:7      | Noticed Menkaure
  5625 | D:7      | Killed Menkaure
  5943 | D:7      | Found a bloodstained altar of Trog.
  5967 | D:7      | Noticed Joseph
  5978 | D:7      | Killed Joseph
  5978 | D:7      | Reached skill level 8 in Long Blades
  6021 | D:7      | Noticed Prince Ribbit
  6174 | D:8      | Found a burning altar of Makhleb.
  6301 | D:8      | Reached XP level 10. HP: 71/86 MP: 9/9
  6592 | D:8      | Reached skill level 10 in Shields
  6631 | D:8      | Reached ** piety under Qazlal
  7123 | D:9      | Noticed Psyche
  7130 | D:9      | Killed Psyche
  7134 | D:9      | Reached skill level 9 in Long Blades
  7263 | D:9      | Found a staircase to the Lair.
  7763 | D:10     | Entered Level 10 of the Dungeon
  7769 | D:10     | Reached *** piety under Qazlal
  7823 | D:10     | Got a distressingly furry plate armour
  7824 | D:10     | Identified the +3 plate armour "Annodd" {rN+ Regen+} (You found it on level 10 of the Dungeon)
  7924 | D:10     | Noticed a hill giant
  7934 | D:10     | Killed a hill giant
  8015 | D:10     | Found a staircase to the Orcish Mines.
  8058 | D:10     | Noticed a hill giant
  8063 | D:10     | Killed an unseen horror
  8063 | D:10     | Reached skill level 10 in Long Blades
  8063 | D:10     | Reached XP level 11. HP: 90/95 MP: 10/10
  8071 | D:10     | Killed a hill giant
  8260 | D:10     | Reached **** piety under Qazlal
  8657 | D:10     | Noticed a hill giant
  8661 | D:10     | Killed a hill giant
  8665 | D:10     | Reached skill level 11 in Long Blades
  8946 | D:11     | Noticed a soul eater
  9030 | D:11     | Noticed a hill giant
  9034 | D:11     | Killed a hill giant
  9061 | D:11     | Noticed a hill giant
  9074 | D:11     | Killed a hill giant
  9250 | D:11     | Reached skill level 12 in Long Blades
  9292 | D:11     | Gained mutation: You evolve. [potion of beneficial mutation]
  9300 | D:11     | Lost mutation: You are partially covered in yellow scales (AC +2). [potion of cure mutation]
  9300 | D:11     | Lost mutation: You tend to lose your temper in combat. [potion of cure mutation]
  9300 | D:11     | Lost mutation: You have a somewhat thin skeletal structure (Dex +2, Stealth). [potion of cure mutation]
  9567 | D:12     | Noticed a hill giant
  9654 | D:12     | Noticed a purple ugly thing
  9676 | D:11     | Killed a hill giant
  9676 | D:11     | Reached skill level 10 in Dodging
  9714 | D:11     | Killed a purple ugly thing
  9843 | D:12     | Reached ***** piety under Qazlal
  9948 | D:12     | Reached XP level 12. HP: 96/105 MP: 11/11
 10139 | D:11     | Reached skill level 13 in Long Blades
 10832 | D:13     | Noticed a centaur warrior
 10961 | D:12     | Killed a centaur warrior
 11327 | D:13     | Noticed a vault guard
 11341 | D:13     | Killed a vault guard
 11379 | D:13     | Reached skill level 14 in Long Blades
 11484 | D:13     | Gained mutation: Your mind is acute. (Int +2) [evolution]
 11484 | D:13     | Lost mutation: You evolve. [end of evolution]
 11670 | D:13     | Found Haown's Antique Armour Emporium.
 11679 | D:13     | Bought a scorched ring mail for 261 gold pieces
 11679 | D:13     | Bought an ancient shield for 275 gold pieces
 11693 | D:13     | Identified the +3 shield of the Maze {rF- rC++ Str+3} (You bought it in a shop on level 13 of the Dungeon)
 11703 | D:13     | Identified the cursed +1 ring mail of the Orb Guardian {*Drain MR++ Str+3} (You bought it in a shop on level 13 of the Dungeon)
 11835 | D:13     | Found a gate to the Vaults.
 12077 | D:13     | Reached skill level 10 in Fighting
 12299 | D:14     | Noticed Urug
 12308 | D:14     | Killed Urug
 12404 | D:14     | Reached XP level 13. HP: 18/113 MP: 12/12
 12725 | D:9      | Reached skill level 15 in Long Blades
 12747 | Lair:1   | Entered Level 1 of the Lair of Beasts
 12754 | Lair:1   | Noticed Harold
 12764 | Lair:1   | Killed Harold
 12771 | Lair:1   | Noticed CcS's ghost (journeyman MiBe)
 12820 | Lair:1   | Killed CcS's ghost
 12881 | Lair:1   | Noticed Erica
 12893 | Lair:1   | Killed Erica
 13563 | Lair:1   | Got a pair of encrusted boots
 13564 | Lair:1   | Identified the +2 pair of boots of Diurphom {rN+ rCorr} (You found it on level 1 of the Lair of Beasts)
 13774 | Lair:2   | Reached ****** piety under Qazlal
 14153 | Lair:2   | Reached skill level 16 in Long Blades
 14166 | Lair:2   | Noticed Gastronok
 14182 | Lair:2   | Killed Gastronok
 14182 | Lair:2   | Reached skill level 15 in Shields
 15053 | Lair:3   | Reached skill level 17 in Long Blades
 15165 | Lair:3   | Found a staircase to the Swamp.
 15254 | Lair:3   | Found a staircase to the Snake Pit.
 15805 | Lair:4   | Reached XP level 14. HP: 108/124 MP: 13/13
 16468 | Lair:5   | Noticed Maud
 16478 | Lair:5   | Killed Maud
 16876 | Lair:5   | Identified a scroll of acquirement
 18213 | Lair:6   | Reached skill level 18 in Long Blades
 18918 | Lair:7   | Found a runed door.
 18940 | Lair:7   | Found a viscous altar of Jiyva.
 18940 | Lair:7   | Noticed an acid blob
 18940 | Lair:7   | Noticed an acid blob
 18942 | Lair:7   | Found a staircase to the Slime Pits.
 19203 | Lair:8   | Entered Level 8 of the Lair of Beasts
 19214 | Lair:8   | Found a dark tunnel.
 19236 | Volcano  | Entered a volcano
 19411 | Volcano  | Found a bloodstained altar of Trog.
 19468 | Volcano  | Reached XP level 15. HP: 134/134 MP: 14/14
 19643 | Lair:8   | Found a frozen archway.
 19655 | IceCv    | Entered an ice cave
 20262 | Lair:8   | Reached skill level 19 in Long Blades
 21144 | Lair:8   | Found a burning altar of Makhleb.
 21149 | Lair:8   | Found a gateway to Hell.
 21624 | D:13     | Bought the +2 pair of boots of the Assassin {DetectMon Stab+ Stlth++} for 785 gold pieces
 21650 | D:14     | Found Bielur's Bounteous Boutique.
 21653 | D:14     | Noticed Nessos
 21715 | D:14     | Killed Nessos
 22500 | D:14     | Reached XP level 16. HP: 144/144 MP: 15/15
 22501 | D:14     | Noticed Kirke
 22505 | D:14     | Killed Kirke
 22676 | D:15     | Entered Level 15 of the Dungeon
 22701 | D:15     | Noticed Louise
 22703 | D:15     | Cast into level 2 of the Abyss (Louise)
 22833 | Abyss:2  | Noticed a tentacled starspawn
 22935 | Abyss:3  | Gained mutation: You are weak. (Str -2) [mutagenic glow]
 23013 | Abyss:4  | Noticed a bone dragon
 23079 | Abyss:4  | Gained mutation: Potions and wands are less effective at restoring your health. [a neqoxec]
 23086 | Abyss:4  | Noticed a tentacled starspawn
 23187 | Abyss:4  | Noticed a tentacled starspawn
 23218 | Abyss:4  | Paralysed by accursed screaming for 1 turns
 23319 | D:15     | Escaped the Abyss
 23347 | D:15     | Killed Louise
 23353 | D:15     | Reached skill level 15 in Dodging
 23384 | D:15     | Noticed Rupert
 23690 | D:15     | Killed Rupert
 23795 | D:15     | Found a staircase to the Depths.
 24127 | Orc:1    | Entered Level 1 of the Orcish Mines
 24137 | Orc:1    | Noticed Fannar
 24145 | Orc:1    | Killed Fannar
 24219 | Orc:1    | Found a roughly hewn altar of Beogh.
 24223 | Orc:1    | Gained mutation: You expend magic power (3 MP) to strengthen your wands. [a neqoxec]
 24248 | Orc:1    | Reached skill level 20 in Long Blades
 24373 | Orc:1    | Found a bloodstained altar of Trog.
 24505 | Orc:2    | Entered Level 2 of the Orcish Mines
 24505 | Orc:2    | Found a staircase to the Elven Halls.
 24558 | Orc:2    | Found Mostig's Antique Armour Boutique.
 24564 | Orc:2    | Bought a dazzling chain mail for 275 gold pieces
 24564 | Orc:2    | Identified the +0 chain mail of Instinct {rC+ MR+ Str-2 Slay+3} (You bought it in a shop on level 2 of the Orcish Mines)
 24568 | Orc:2    | Bought a smoking buckler for 275 gold pieces
 24568 | Orc:2    | Identified the +2 buckler "Nickyss" {+Inv rC- MR- Dex+9} (You bought it in a shop on level 2 of the Orcish Mines)
 24572 | Orc:2    | Bought a pair of runed gloves for 130 gold pieces
 24572 | Orc:2    | Bought an embroidered cloak for 130 gold pieces
 24779 | Orc:2    | Paralysed by an orc sorcerer for 6 turns
 24828 | Orc:2    | Found Canujo's Gadget Emporium.
 24865 | Orc:2    | Found a radiant altar of Vehumet.
 24877 | Orc:2    | Found Yruom's Antique Weapon Shoppe.
 24883 | Orc:2    | Paralysed by an orc sorcerer for 7 turns
 24912 | Orc:2    | Noticed Nergalle
 24934 | Orc:2    | Killed Nergalle
 24972 | Orc:2    | Found a roughly hewn altar of Beogh.
 24978 | Orc:2    | Found an ancient bone altar of Kikubaaqudgha.
 25004 | Orc:2    | Found Gonkoch's Distillery.
 25012 | Orc:2    | Bought 2 potions of heal wounds for 140 gold pieces
 25012 | Orc:2    | Bought a potion of heal wounds for 70 gold pieces
 25012 | Orc:2    | Bought a potion of beneficial mutation for 490 gold pieces
 25012 | Orc:2    | Gained mutation: You are partially covered in slimy green scales (AC +2). [potion of beneficial mutation]
 25057 | Orc:2    | Found Zaomnamo's Distillery.
 25747 | D:15     | Found a portal to a secret trove of treasure.
 25809 | D:15     | Found a sparkling altar of Nemelex Xobeh.
 26243 | Trove    | Entered a treasure trove
 26260 | Trove    | Got a pair of steaming boots
 26262 | Trove    | Got a twisted cloak
 26292 | D:15     | Identified the +0 cloak of Diyphi Saffu {Dex+4} (You found it in a treasure trove)
 26303 | D:15     | Identified the +0 pair of boots of Dithmenos's Regard {MP+9 Str+10 Dex-3} (You found it in a treasure trove)
 26529 | Swamp:1  | Entered Level 1 of the Swamp
 26670 | Swamp:1  | Noticed Roxanne
 26695 | Swamp:1  | Killed Roxanne
 27400 | Swamp:2  | Reached XP level 17. HP: 151/154 MP: 16/16
 27409 | Swamp:2  | Noticed Nikola
 27416 | Swamp:2  | Noticed Frances
 27430 | Swamp:2  | Killed Frances
 27919 | Swamp:2  | Killed Nikola
 28016 | Swamp:2  | Noticed Jorgrun
 28195 | Swamp:2  | Killed Jorgrun
 29051 | Swamp:3  | Got a crude tin ring
 29320 | Swamp:4  | Entered Level 4 of the Swamp
 29381 | Swamp:3  | Mangled by a giant leech

Skill      XL: |  1  2  3  4  5  6  7  8  9 10 11 12 13 14 15 16 17 |
---------------+----------------------------------------------------+-----
Fighting       | 4 5 6 7 8 9 10 11 12 13 14 | 14.9
Armour         | 4 5 6 7 8 |  8.3
Shields        | 4 5 6 7 8 9 11 12 14 15 16 18 19 | 19.4
Long Blades    | 3 4 5 6 8 10 12 14 17 18 19 20 | 20.7
Dodging        | 1 2 3 5 6 8 10 11 13 14 15 16 | 16.4
Throwing       | 1 2 |  2.2
Stealth        | 1 2 3 |  3.4
Evocations     | |  0.6

Action                   |  1- 3 |  4- 6 |  7- 9 | 10-12 | 13-15 | 16-18 || total
-------------------------+-------+-------+-------+-------+-------+-------++-------
Melee: Long sword        |    75 |   200 |   276 |   790 |     4 |       ||  1345
       Headbutt          |    15 |    46 |    63 |   238 |   319 |   215 ||   896
       Scimitar          |       |       |       |       |   807 |   812 ||  1619
       Double sword      |       |       |       |       |   408 |       ||   408
Throw: Stone             |       |       |    10 |     4 |       |       ||    14
       Javelin           |       |       |       |       |     4 |       ||     4
 Abil: Evoke Flight      |       |       |       |       |     2 |       ||     2
Evoke: Wand              |       |       |       |       |     1 |     1 ||     2
  Use: Scroll            |     5 |       |     1 |    23 |    15 |    11 ||    55
       Potion            |       |       |       |     2 |       |     3 ||     5
 Stab: Sleeping          |       |       |     1 |       |       |       ||     1
       Distracted        |       |       |       |     1 |       |     1 ||     2
  Eat: Chunk             |     2 |     5 |    17 |    23 |    29 |    14 ||    90
       Beef jerky        |       |       |       |     1 |       |       ||     1
       Bread ration      |       |       |       |       |     1 |       ||     1
       Meat ration       |       |       |       |       |       |     1 ||     1
       Royal jelly       |       |       |       |       |       |     1 ||     1
Armor: Scale mail        |    30 |    83 |    35 |       |       |       ||   148
       Leather armour    |       |       |    50 |   102 |    85 |   111 ||   348
Dodge: Dodged            |    33 |    53 |   105 |   256 |   263 |   372 ||  1082
       Deflected         |       |       |       |    17 |     7 |    10 ||    34
Block: Shield            |    39 |   111 |   178 |   630 |   953 |   861 ||  2772
       Reflection        |       |       |       |       |       |    27 ||    27
